 Dungeon Crawl Stone Soup version 0.20.1-1-g8b1a95d66d (webtiles) character file.

221 Koyanaruu the Shooter (level 5, 23/42 HPs)
             Began as a Centaur Wanderer on Dec 31, 2017.
             Quit the game on level 5 of the Dungeon on Jan 1, 2018.
             The game lasted 00:28:12 (4893 turns).

Koyanaruu the Shooter (Centaur Wanderer)            Turns: 4893, Time: 00:28:12

Health: 23/42      AC:  7    Str: 13    XL:     5   Next: 65%
Magic:  5/5        EV:  9    Int: 12    God:
Gold:   210        SH:  0    Dex: 14    Spells: 4/4 levels left

rFire    . . .     SeeInvis .   l - +0 hunting sling
rCold    . . .     Gourm    .   (no shield)
rNeg     . . .     Faith    .   k - +0 ring mail
rPois    .         Spirit   .   p - +0 helmet
rElec    .         Reflect  .   (no cloak)
rCorr    .         Harm     .   (no gloves)
MR       .....                  (no barding)
Stlth    ..........             (no amulet)
Regen    0.2/turn               s - +4 ring of dexterity
MPRegen  0.1/turn               (no ring)

@: very quick
A: hooves 3, deformed body, speed 2, tough skin 3
a: no special abilities


You were on level 5 of the Dungeon.
You were not hungry.

You visited 1 branch of the dungeon, and saw 5 of its levels.

You collected 210 gold pieces.

Inventory:

Hand Weapons
 a - a +2 shortbow
 l - a +0 hunting sling (weapon)
 o - a +0 club
 q - a +0 dagger of venom
 r - a +0 short sword
 u - a +0 war axe
 y - a +0 spear
 A - a +0 flail
 B - a +0 whip of electrocution
Missiles
 b - 6 arrows
 i - 101 stones (quivered)
 m - 11 sling bullets
 z - 19 bolts
Armour
 e - a +0 robe
 k - a +0 ring mail (worn)
 p - a +0 helmet (worn)
Jewellery
 s - a +4 ring of dexterity (left hand)
Wands
 d - a wand of random effects (8/48)
 g - a wand of iceblast (5/15)
Scrolls
 f - a scroll of teleportation
 h - a scroll of enchant armour {unknown}
 n - a scroll of remove curse
Potions
 c - a potion of lignification
 j - 2 potions of haste
 t - 2 potions of curing
 x - 2 potions of flight
Comestibles
 v - 2 bread rations
 w - 2 royal jellies
 D - a meat ration


   Skills:
 + Level 2.5 Fighting
 + Level 0.3(0.7) Short Blades
   Level 1.0 Long Blades
 + Level 5.4 Bows
 + Level 1.0 Throwing
 + Level 2.1 Armour
 + Level 2.0 Dodging
 + Level 0.2 Stealth
   Level 1.0 Shields
 + Level 1.3 Evocations


You had 4 spell levels left.
You didn't know any spells.

Dungeon Overview and Level Annotations

Branches:
Dungeon (5/15)             Temple (0/1) D:4

Altars:
Ashenzari
Fedhas
Makhleb
Okawaru

Shops:
D:5 =


Innate Abilities, Weirdness & Mutations

You have hooves in place of feet.
Armour fits poorly on your strangely shaped body.
You cover ground very quickly.
You have extremely tough skin. (AC +3)


Message History

[Y]es or [N]o only, please.
Really attack while wielding your +0 hunting sling? [Y]es or [N]o only, please.
Really attack while wielding your +0 hunting sling?
Okay, then.
Welcome back, Koyanaruu the Centaur Wanderer.
Press ? for a list of commands and other information.
Really attack while wielding your +0 hunting sling? [Y]es or [N]o only, please.
Really attack while wielding your +0 hunting sling? [Y]es or [N]o only, please.
Really attack while wielding your +0 hunting sling? [Y]es or [N]o only, please.
Really attack while wielding your +0 hunting sling? [Y]es or [N]o only, please.
Really attack while wielding your +0 hunting sling? [Y]es or [N]o only, please.
Really attack while wielding your +0 hunting sling?
Okay, then.
Are you sure you want to abandon this character and quit the game? (Confirm with "yes".)

.................#
..ยง.(.....(.(....#
....(.#.####.....#
......#<# ##.[.s#
....###.# #.ZY.#
....# #.# #..SZ#
.#.## #.......##.#
...# ##......##F#
...# ......##@#
[.... .... #hh#
.#... ... ##.#
..... h# #..## h.
#..# h.. ... ....


You could see a sky beast, a bullfrog, a hound, an adder, 4 jackals, a giant
cockroach and a bullfrog skeleton.

Vanquished Creatures
  A water moccasin skeleton (D:4)
  A crimson imp (D:2)
  An orc wizard (D:3)
  2 adders
  An ooze (D:2)
  A worm (D:2)
  2 dart slugs
  4 leopard geckos
  5 orcs
  3 giant cockroaches
  6 goblins
  9 hobgoblins
  8 jackals
  3 ball pythons
  A ball python skeleton (D:4)
  8 bats
  4 frilled lizards
  8 kobolds
  7 rats
  3 plants (D:1)
78 creatures vanquished.

Notes
Turn   | Place    | Note
-------+----------+-------------------------------------------
     0 | D:1      | Koyanaruu the Centaur Wanderer began the quest for the Orb.
     0 | D:1      | Koyanaruu set off with: a +2 shortbow, 21 arrows, a potion of lignification, a wand of random effects (15/48), a +0 robe, a bread ration
     0 | D:1      | Reached XP level 1. HP: 17/17 MP: 1/1
   423 | D:1      | Reached XP level 2. HP: 24/24 MP: 2/2
   430 | D:1      | Reached skill level 3 in Bows
  1740 | D:1      | Reached XP level 3. HP: 30/30 MP: 3/3
  2194 | D:2      | Found a shattered altar of Ashenzari.
  2261 | D:2      | Reached skill level 4 in Bows
  2749 | D:2      | Reached XP level 4. HP: 37/37 MP: 4/4
  2993 | D:2      | Found a burning altar of Makhleb.
  3647 | D:3      | Reached skill level 5 in Bows
  3647 | D:3      | Reached XP level 5. HP: 32/42 MP: 5/5
  3835 | D:3      | Found an iron altar of Okawaru.
  3835 | D:3      | Found a blossoming altar of Fedhas.
  4293 | D:3      | Reached skill level 1 in Throwing
  4446 | D:4      | Noticed an ogre
  4851 | D:4      | Found a staircase to the Ecumenical Temple.
  4857 | D:5      | Entered Level 5 of the Dungeon
  4857 | D:5      | Found Vucrucij's Jewellery Shoppe.
  4857 | D:5      | Noticed a sky beast
  4893 | D:5      | Quit the game

Skill      XL: |  1  2  3  4  5 |
---------------+----------------+-----
Bows           | 3 4 5 |  5.4
Armour         | 2 |  2.1
Dodging        | 2 |  2.0
Throwing       | 1 |  1.0
Fighting       | |  2.5
Short Blades   | |  0.3
Long Blades    | |  1.0
Stealth        | |  0.2
Shields        | |  1.0
Evocations     | |  1.3

Action                   |  1- 3 |  4- 6 || total
-------------------------+-------+-------++-------
Melee: Dagger            |    71 |    14 ||    85
       Kick              |    28 |     4 ||    32
       Shortbow          |     2 |       ||     2
 Fire: Shortbow          |   135 |    99 ||   234
       Hunting sling     |       |    17 ||    17
Throw: Stone             |       |    40 ||    40
Evoke: Wand              |       |     7 ||     7
  Use: Potion            |     5 |     2 ||     7
       Scroll            |     4 |     4 ||     8
  Eat: Bread ration      |     1 |       ||     1
       Fruit             |       |     1 ||     1
       Chunk             |       |     1 ||     1
       Meat ration       |       |     1 ||     1
Armor: Ring mail         |    44 |    42 ||    86
       Robe              |     3 |       ||     3
Dodge: Dodged            |    40 |    42 ||    82
